Map: Fracture LE

Players

soul

  • Race: Terran Terran
  • Spawn Location: 5:00

Bly - Winner!

  • Race: Zerg Zerg
  • League: Master
  • Spawn Location: 11:00

Event: HomeStory Cup XVIII

VOD

Have the link to the VOD?

Description

Time

  • Played on: Nov. 23, 2018, 9:02 a.m.
  • Length: 9:04

All games in this series

Show
View Real Time Build Order
Export as new Build Order

soul Terran 

Build Orders: Gas First Reaper Expand, Liberator Opening, Reaper Expand 

Get SALT Encoding   

  12  0:00  SCV  
  13  0:12  SCV  
  14  0:17  Supply Depot  
  14  0:25  SCV  
  15  0:30  Refinery  
  15  0:39  SCV  
  16  0:44  Barracks  
  16  0:51  SCV  
  17  1:03  SCV  
  18  1:15  SCV  
  19  1:31  Reaper  
  19  1:32  Orbital Command  
  20  1:42  Command Center  
  20  1:54  Factory  
  20  1:58  SCV  
  21  2:08  Refinery  
  21  2:11  Supply Depot, Barracks Reactor  
  21  2:15  SCV  
  22  2:27  SCV  
  23  2:39  SCV  
  23  2:41  Starport  
  24  2:52  Hellion x2  
  24  2:54  Barracks Tech Lab  
  24  2:55  Orbital Command  
  24  2:58  SCV  
  29  3:10  SCV  
  29  3:11  Liberator  
  30  3:15  Hellion x2  
  34  3:20  Barracks Tech Lab  
  34  3:21  SCV  
  34  3:23  SCV  
  36  3:33  SCV  
  40  3:35  SCV  
  41  3:45  SCV  
  41  3:47  SCV  
  43  3:49  Supply Depot  
  43  3:52  Hellion  
  44  3:56  Hellion  
  46  4:10  Marine, SCV  
  46  4:11  SCV  
  46  4:12  Supply Depot  
  49  4:23  SCV x2  
  41  4:35  SCV x2  
  41  4:36  Marine  
  41  4:41  Starport Reactor  
  36  4:47  SCV x2  
  36  4:50  Stimpack  
  36  4:52  Siege Tank  
  38  4:57  Supply Depot  
  38  4:59  Supply Depot, SCV x2  
  40  5:11  SCV x2  
  41  5:15  Marine  
  41  5:20  Command Center  
  42  5:23  SCV  
  42  5:24  SCV  
  42  5:25  Supply Depot  
  44  5:35  Starport Reactor  
  44  5:38  SCV  
  44  5:39  SCV  
  44  5:40  Barracks  
  44  5:42  Barracks  
  46  5:50  SCV  
  46  5:51  Engineering Bay, SCV  
  46  5:52  Engineering Bay  
  46  5:54  Marine  
  49  6:01  Refinery  
  49  6:02  Refinery, SCV  
  49  6:03  SCV  
  51  6:12  Marine, Siege Tank  
  51  6:14  SCV  
  51  6:15  SCV  
  53  6:21  Medivac x2  
  57  6:26  SCV  
  57  6:28  Terran Infantry Weapons Level 1, Terran Infantry Armor Level 1, SCV  
  57  6:30  Marine x3  
  62  6:32  Marine  
  62  6:33  Marine  
  62  6:38  SCV  
  65  6:40  Orbital Command  
  65  6:43  SCV  
  66  6:48  Marine x3  
  66  6:49  Siege Tank  
  66  6:50  Marine x2  
  66  6:52  SCV  
  75  6:58  SCV  
  76  7:04  SCV  
  76  7:05  Marine  
  76  7:06  Marine x2  
  76  7:07  Orbital Command  
  80  7:08  Marine x2  
  80  7:11  SCV  
  80  7:15  Armory  
  83  7:16  Supply Depot, SCV  
  83  7:21  Medivac  
  83  7:22  Medivac  
  88  7:23  Marine, SCV  
  88  7:24  Marine x2  
  88  7:26  Marine  
  88  7:27  Marine  
  88  7:29  SCV  
  90  7:33  SCV  
  90  7:35  SCV  
  90  7:36  Combat Shield  
  89  7:41  Marine, SCV  
  89  7:43  Marine  
  92  7:45  SCV  
  92  7:47  Marine, SCV  
  92  7:48  Marine  
  92  7:50  Supply Depot  
  92  7:51  Supply Depot, Marine  
  96  7:52  Siege Tank  
  96  7:53  SCV  
  101  8:01  Marine  
  101  8:02  Marine, SCV x2  
  96  8:05  SCV  
  95  8:14  SCV x2  
  95  8:15  Medivac x2  
  95  8:17  SCV, Barracks  
  95  8:18  Barracks  
  102  8:26  SCV x2  
  104  8:29  Siege Tank  
  104  8:30  Marine x3, SCV  
  111  8:38  SCV x2  
  111  8:39  Supply Depot, Marine  
  111  8:40  Supply Depot  
  113  8:42  SCV  
Show
View Real Time Build Order
Export as new Build Order

Bly Zerg - Winner!

Build Orders: Hatch First, Muta Ling Bane 

Get SALT Encoding   

  12  0:01  Drone  
  13  0:12  Overlord  
  13  0:18  Drone  
  14  0:30  Drone x2  
  16  0:48  Hatchery  
  15  0:51  Drone  
  16  0:59  Drone  
  16  1:00  Drone  
  18  1:10  Extractor  
  17  1:15  Spawning Pool  
  17  1:17  Drone  
  17  1:20  Drone  
  18  1:27  Drone  
  19  1:40  Overlord  
  19  1:51  Drone  
  20  2:02  Queen x2  
  20  2:03  Zergling x4  
  26  2:11  Drone x2  
  26  2:14  Metabolic Boost  
  28  2:21  Drone  
  29  2:32  Hatchery  
  28  2:37  Drone x2  
  28  2:42  Drone  
  28  2:43  Drone  
  32  2:49  Queen  
  34  2:55  Overlord  
  34  2:59  Drone  
  34  3:00  Drone  
  36  3:08  Overlord  
  36  3:15  Zergling x2  
  36  3:16  Zergling x6  
  36  3:19  Drone  
  41  3:25  Overlord  
  41  3:26  Queen  
  43  3:32  Zergling x4  
  43  3:43  Zergling x6  
  43  3:44  Zergling x2  
  43  3:47  Queen x2  
  51  3:53  Drone x3  
  54  3:56  Overlord  
  54  3:58  Drone  
  54  4:00  Drone  
  54  4:02  Drone  
  57  4:09  Drone x2, Overlord  
  59  4:17  Drone  
  59  4:18  Drone x3  
  60  4:25  Zergling x2  
  60  4:29  Drone x2  
  61  4:36  Spore Crawler  
  58  4:43  Drone x6  
  57  4:49  Drone  
  57  4:52  Drone x2  
  58  4:57  Lair  
  58  4:59  Drone x6  
  64  5:05  Overlord  
  64  5:10  Zergling x4  
  65  5:14  Extractor, Evolution Chamber  
  65  5:15  Extractor, Evolution Chamber  
  65  5:18  Drone x3  
  64  5:24  Hatchery  
  64  5:26  Zergling x10  
  68  5:30  Drone x4  
  68  5:33  Drone x2  
  68  5:34  Extractor, Drone  
  74  5:42  Drone x3  
  77  5:45  Zerg Ground Armor Level 1  
  77  5:49  Drone  
  78  5:51  Drone  
  78  5:53  Overlord  
  79  5:58  Drone x5  
  79  6:01  Zerg Melee Weapons Level 1  
  79  6:03  Overlord x2, Baneling Nest  
  83  6:09  Overlord  
  83  6:11  Overlord  
  83  6:16  Drone x4  
  87  6:22  Drone  
  87  6:23  Extractor x2, Drone  
  87  6:25  Hatchery  
  85  6:37  Drone x7  
  92  6:47  Centrifical Hooks  
  92  6:48  Spire, Zergling x2  
  92  6:49  Zergling x6  
  95  7:00  Zergling x18  
  104  7:02  Hatchery  
  104  7:04  Baneling x3  
  104  7:07  Zergling x2  
  103  7:09  Baneling x2  
  103  7:10  Baneling x6  
  103  7:11  Zergling x6  
  103  7:13  Queen  
  103  7:33  Drone x9  
  103  7:35  Extractor  
  103  7:36  Extractor  
  109  7:40  Zergling x2  
  109  7:41  Zergling x14  
  117  7:50  Zergling x8  
  121  7:54  Overlord  
  121  7:55  Overlord  
  120  8:01  Mutalisk x2  
  120  8:02  Mutalisk x5  
  120  8:04  Baneling x8  
  128  8:07  Zergling x2  
  122  8:20  Drone x3  
  122  8:22  Zergling x16  
  133  8:31  Zergling x2  
  133  8:32  Zergling x18  
  143  8:36  Baneling x5  
Tags
 
Add a new tag
Caveats
  • Supply blocks, unpowered buildings, or Contaminate may cause inaccurate times.
  • Supply counts are checked every 10 seconds.